[Event "CCT Airthings Masters Play-In 2023"]
[Site "Online"]
[Date "2023.02.03"]
[Round "4"]
[White "VincentKeymer"]
[Black "OK97"]
[Result "1-0"]
[ECO "A11"]
[WhiteElo "2642"]
[BlackElo "2524"]
[Annotator "NA"]
[PlyCount "87"]
[EventDate "2023.02.03"]
[EventType "swiss"]
[EventCountry "NET"]
[SourceTitle "playchess.com"]
[Source "ChessBase"]
[SourceQuality "1"]
[TimeControl "600+2"]

1. Nf3 d5 2. e3 Nf6 3. c4 e6 4. Nc3 c6 5. b3 Bd6 6. Bb2 O-O 7. Be2 Re8 8. O-O e5 9. cxd5 cxd5 10. Nb5 Nc6 11. Nxd6 Qxd6 12. d4 e4 13. Ne5 Nd7 14. Nxc6 bxc6 15. a4 Re6 16. Ba3 Qc7 17. Qc2 Rh6 18. h3 Nf6 19. Rfc1 Ng4 20. Bxg4 Bxg4 21. hxg4 Qh2+ 22. Kf1 Qh1+ 23. Ke2 Qxg2 24. Rf1 Qxg4+ 25. Kd2 Rf6 26. Kc3 h5 27. Rg1 Qf5 28. Be7 Re6 29. Rg5 Qf3 30. Rg3 Qf5 31. Rag1 g6 32. Rg5 Qh3 33. Bc5 Rf6 34. Qe2 Kh7 35. Be7 Re6 36. R5g3 Qf5 37. Bh4 c5 38. Rg5 cxd4+ 39. Kb2 Qh3 40. Rxh5+ Kg8 41. Bf6 Qxh5 42. Qxh5 Rxf6 43. Qxd5 Rxf2+ 44. Ka3 1-0

[Event "CCT Airthings Masters Play-In 2023"]
[Site "Online"]
[Date "2023.02.03"]
[Round "4"]
[White "amintabatabaei"]
[Black "kirillshevchenko"]
[Result "1/2-1/2"]
[ECO "A48"]
[WhiteElo "2636"]
[BlackElo "2532"]
[Annotator "TA"]
[PlyCount "157"]
[EventDate "2023.02.03"]
[EventType "swiss"]
[EventCountry "NET"]
[SourceTitle "playchess.com"]
[Source "ChessBase"]
[SourceQuality "1"]
[TimeControl "600+2"]

1. d4 Nf6 2. Nf3 g6 3. Nbd2 Bg7 4. e4 d6 5. Bb5+ c6 6. Bd3 O-O 7. O-O Nbd7 8. Re1 e5 9. c3 Re8 10. a4 d5 {[%emt 0:01:20] A48: 1 d4 Nf6 2 Nf3 g6: Torre, London and Colle Systems.} 11. dxe5 Nxe5 12. Nxe5 Rxe5 13. Nf3 {[%emt 0:00:28] [#]} (13. exd5 $11 {keeps the balance.} Rxe1+ 14. Qxe1) 13... Bg4 $146 ({Predecessor:} 13... Re8 14. e5 Nd7 15. Bf4 Nc5 16. h3 Nxd3 17. Qxd3 Bf5 18. Qd4 Qc8 19. Bg3 a5 {1-0 Deac,B (2625)-Sjugirov,S (2663) EU-ch qual Online 2020 (11)}) 14. Bf4 Re8 (14... Re6 $17 15. exd5 Rxe1+ 16. Qxe1 Bxf3 17. gxf3 Nxd5) 15. h3 $15 Bh5 16. e5 Bxf3 17. Qxf3 Nd7 $1 18. Qg3 Re6 19. Re2 (19. c4 $1 $11) 19... Qc7 $1 $17 20. Rae1 Rae8 21. c4 a6 22. cxd5 cxd5 23. Rc1 Qb6 24. Rd2 ({Better is} 24. Be3 Qb3 25. Bc2 Qxb2 26. Qf3 Nxe5 27. Qxd5) 24... Bxe5 25. Bxe5 Nxe5 26. Bf1 d4 27. Rcd1 Rd8 28. Qf4 {[%emt 0:00:03][%cal Rd2d4] [#]} d3 $1 {[%emt 0:00:35][%mdl 576] Deflection} 29. Bxd3 Nxd3 30. Rxd3 Rxd3 31. Rxd3 Qxb2 {[%emt 0:00:00][%mdl 4096] Endgame KQR-KQR} ({Don't play} 31... Re1+ $6 32. Kh2 $11) 32. Rd7 Qa1+ (32... Rf6 $17 33. Qe3 Kg7) 33. Kh2 $15 Qf6 (33... Rf6 {is interesting.} 34. Rd8+ Kg7 35. Qb4 Qe5+) 34. Qxf6 Rxf6 35. Rxb7 {[%emt 0:00:27] KR-KR} Rf4 $1 36. a5 Ra4 37. Ra7 Rxa5 38. g3 ({White should try} 38. g4 $15) 38... Kg7 (38... Ra1 $17 {White must now prevent ...a5.} 39. h4 a5) 39. h4 Kf6 40. Kg2 Ra3 41. Kf1 (41. Kh3 $15) 41... Ra2 (41... a5 $17 42. Ke2 h5) 42. Kg2 Ra3 (42... a5 $15 43. Ra6+ Kf5) 43. Kf1 $1 $17 a5 44. Ra6+ Kg7 45. Kg2 Ra1 46. Kf3 Ra2 (46... a4 $17 {...a3 is the strong threat.} 47. Ke3 a3) 47. Ke3 (47. Ra7 $15) 47... a4 48. Kf3 h5 (48... Ra1 $17 {Threatens to win with ...a3.} 49. h5 a3) 49. Ke3 Ra1 {[%emt 0:00:02] ...a3 would be deadly.} 50. Kf3 $2 (50. Ke4 $15) 50... a3 $19 51. Kf4 Ra2 ({Inferior is} 51... a2 52. Ra7 Kh8 53. Kg5 $11) (51... f6 $1 $19 {has better winning chances.} 52. Ra7+ Kf8 53. Ra8+ Ke7) 52. Kf3 Kf8 $1 53. Ra7 $2 (53. Ra8+ $1 $15 Ke7 54. Ke3) 53... Ke8 $2 (53... Ra1 $19 {Hoping for ...Ke8.} 54. Kf4 f6) 54. Ke3 $2 {[%emt 0:00:02] [#]} (54. Ke4 $15) 54... Ra1 $1 55. Kf3 f6 56. Ra6 Ke7 57. Kf4 Ra2 58. Kf3 {[%emt 0:00:02] [#]} (58. Ke4 $17) 58... Kf7 $1 59. Ke3 g5 $2 (59... Ra1 $19 {is more deadly.} 60. Ra7+ Ke6) 60. hxg5 $2 (60. Ra7+ $17 Ke6 61. Ke4) 60... fxg5 61. Kf3 Ra1 62. Ra5 Kf6 63. Kg2 g4 $2 (63... a2 $19 {aiming for ...g4.} 64. Ra7 Ke5) 64. Rxh5 $11 {[%emt 0:00:03] The position is equal.} Ke6 65. Ra5 Kd6 66. f4 gxf3+ 67. Kxf3 Kc6 68. Kg4 Kb6 69. Ra8 Kb5 70. Kf5 Kb4 71. g4 a2 72. g5 Rf1+ 73. Ke6 a1=Q 74. Rxa1 Rxa1 75. g6 Rg1 76. Kf7 Kc5 77. g7 Kd6 78. g8=R Rxg8 79. Kxg8 {[%emt 0:00:00] Whites escaped into a draw.   Weighted Error Value: White=0.35/Black=0.26 (precise)} 1/2-1/2

[Event "CCT Airthings Masters Play-In 2023"]
[Site "Online"]
[Date "2023.02.03"]
[Round "4"]
[White "OparinGrigoriy"]
[Black "FabianoCaruana"]
[Result "0-1"]
[ECO "C77"]
[WhiteElo "2635"]
[BlackElo "2725"]
[Annotator "TA"]
[PlyCount "80"]
[EventDate "2023.02.03"]
[EventType "swiss"]
[EventCountry "NET"]
[SourceTitle "playchess.com"]
[Source "ChessBase"]
[SourceQuality "1"]
[TimeControl "600+2"]

1. e4 e5 2. Nf3 Nc6 3. Bb5 a6 4. Ba4 Nf6 5. Nc3 b5 6. Bb3 Bc5 7. O-O O-O {[%emt 0:00:05] C77: Ruy Lopez: 3...a6 4 Ba4 Nf6, unusual lines.} 8. a4 Rb8 9. axb5 axb5 {[%emt 0:00:02] The position is equal.} 10. Nd5 Nxe4 11. d3 Nf6 12. Bg5 $1 Be7 13. Nxe7+ Qxe7 14. Re1 h6 15. Bh4 Bb7 16. d4 e4 17. d5 Ne5 {[%emt 0:00:54] [#]} 18. Qd4 $146 (18. Nxe5 $11 {remains equal.} Qxe5 19. Ra5) ({Predecessor:} 18. Rxe4 Nxf3+ 19. gxf3 Qd6 20. Rd4 Ra8 21. Rxa8 Rxa8 22. Bg3 Qb6 23. Kg2 Re8 24. Qd3 {½-½ Svane,F (2521)-Subelj,J (2498) EU-chT U18 Thessaloniki 2022 (1.1)}) 18... d6 ({Much worse is} 18... Nxf3+ 19. gxf3 Ra8 20. Rad1 $14 (20. fxe4 Rxa1 21. Rxa1 Qxe4 $15)) (18... exf3 $17 19. Rxe5 Qd6) 19. Nxe5 dxe5 20. Bxf6 Qxf6 21. Qxe4 Rfe8 22. Qb4 Qb6 23. Ra5 Bc8 24. h3 e4 25. Qc3 ({Of course not} 25. Rxe4 Rxe4 26. Qxe4 Qxa5 $17) 25... Bd7 26. Raa1 Rbc8 27. Qe3 {[%emt 0:00:11] aiming for Qxb6.} Qd6 28. Qa7 Qe5 29. c3 b4 30. Qc5 bxc3 31. bxc3 Kh8 32. Bc2 f5 33. Ra5 Rb8 34. Ra7 Rec8 35. Rd1 Rb2 36. Ba4 Bxa4 37. Rxa4 f4 {[%emt 0:00:05] [#] Threatens to win with ...e3.} 38. Qd4 {[%emt 0:00:02] Repels e3} Qh5 39. Re1 (39. Raa1 $11 {keeps the balance.}) 39... e3 $1 $17 40. fxe3 (40. Rf1 $17) 40... f3 {[%emt 0:00:11] Weighted Error Value: White=0.26 (precise) /Black=0.09 (flawless)} 0-1

[Event "CCT Airthings Masters Play-In 2023"]
[Site "Online"]
[Date "2023.02.03"]
[Round "4"]
[White "exoticprincess"]
[Black "Rodalquilar"]
[Result "1-0"]
[ECO "C54"]
[WhiteElo "2625"]
[BlackElo "2352"]
[Annotator "TA"]
[PlyCount "59"]
[EventDate "2023.02.03"]
[EventType "swiss"]
[EventCountry "NET"]
[SourceTitle "playchess.com"]
[Source "ChessBase"]
[SourceQuality "1"]
[TimeControl "600+2"]

1. e4 e5 2. Nf3 Nc6 3. Bc4 Bc5 4. c3 Nf6 5. d4 exd4 6. e5 d5 7. Be2 Ne4 8. cxd4 Bb4+ 9. Bd2 Nxd2 10. Nbxd2 O-O {[%emt 0:00:04] C54: Giuoco Piano: 4 c3 Nf6, main lines with 5 d4 and 5 d3.} 11. O-O Ne7 12. Nb3 {[%emt 0:00:33] [#] Threatens to win with a3.} Nf5 $146 {[%emt 0:00:26] The position is equal.} ({Predecessor:} 12... Ng6 13. a3 Be7 14. Qd2 c6 15. Rae1 Bf5 16. Bd3 Qd7 17. Nc1 Rae8 18. Bxf5 Qxf5 19. Ne2 Bd8 20. Ng3 Qd7 21. Re2 {½-½ Godena,M (2513)-Carnicelli,V (2102) Porto San Giorgio op 25th 2014 (1)}) 13. Rc1 c6 14. Bd3 Nh4 15. Nxh4 Qxh4 16. f4 f5 17. a3 Be7 18. Na5 Bd8 19. b4 Qe7 20. Qd2 g6 21. Nb3 a5 22. Nxa5 {[%emt 0:00:22] White is more active.} Bb6 23. Be2 Qd8 24. Nb3 Rxa3 25. Nc5 Bxc5 26. bxc5 Be6 27. Ra1 Qa8 28. Qb2 Ra4 {[%emt 0:00:23][%mdl 8192] [#]} (28... Rxa1 $16 29. Rxa1 Qc8) 29. Rxa4 $18 Qxa4 30. Ra1 {[%emt 0:00:01] Weighted Error Value: White=0.04 (flawless) /Black=0.15 (very precise)} ({Worse is} 30. Qxb7 Qxd4+ 31. Kh1 Qxc5 $15) 1-0

[Event "CCT Airthings Masters Play-In 2023"]
[Site "Online"]
[Date "2023.02.03"]
[Round "4"]
[White "Shield12"]
[Black "Dominguez Perez, Leinier"]
[Result "1-0"]
[ECO "B51"]
[WhiteElo "2620"]
[BlackElo "2743"]
[Annotator "NA"]
[PlyCount "131"]
[EventDate "2023.02.03"]
[EventType "swiss"]
[EventCountry "NET"]
[SourceTitle "playchess.com"]
[Source "ChessBase"]
[SourceQuality "1"]
[TimeControl "600+2"]

1. e4 c5 2. Nf3 d6 3. Bb5+ Nd7 4. a4 Ngf6 5. Nc3 a6 6. Be2 g6 7. d4 cxd4 8. Nxd4 Bg7 9. O-O b6 10. Nc6 Qc7 11. Nb4 Bb7 12. Nbd5 Nxd5 13. Nxd5 Qd8 14. Be3 O-O 15. Bd4 Bxd4 16. Qxd4 e5 17. Qd2 Bxd5 18. Qxd5 Nf6 19. Qd3 Qc7 20. Rfd1 Rfd8 21. c3 Kg7 22. Bf3 a5 23. Qb5 Qc5 24. Rd2 Qxb5 25. axb5 Kf8 26. g3 Ke7 27. b3 Rac8 28. c4 Nd7 29. Bg4 Nc5 30. Bxc8 Nxb3 31. Rb2 Nxa1 32. Bb7 Rd7 33. Bd5 a4 34. Ra2 Nb3 35. Rxa4 Nc5 36. Ra8 Rd8 37. Ra6 Nd7 38. Bc6 Ke6 39. Ra7 f5 40. f3 f4 41. Rb7 g5 42. g4 h6 43. h3 Ke7 44. Kf2 Ke6 45. Ke2 Nc5 46. Rxb6 h5 47. Bd5+ Ke7 48. Rc6 hxg4 49. hxg4 Rh8 50. b6 Rh2+ 51. Kd1 Rb2 52. Rc7+ Kd8 53. Rg7 Rxb6 54. Rxg5 Rb3 55. Rg8+ Ke7 56. g5 Rxf3 57. Rg7+ Ke8 58. g6 Rg3 59. Ra7 Kf8 60. Rf7+ Ke8 61. g7 Nxe4 62. Rf8+ Ke7 63. g8=Q Rxg8 64. Rxg8 Nc5 65. Rg6 e4 66. Ke2 1-0

[Event "CCT Airthings Masters Play-In 2023"]
[Site "Online"]
[Date "2023.02.03"]
[Round "4"]
[White "TheCount"]
[Black "titan013"]
[Result "0-1"]
[ECO "C43"]
[WhiteElo "2616"]
[BlackElo "2488"]
[Annotator "NA"]
[PlyCount "74"]
[EventDate "2023.02.03"]
[EventType "swiss"]
[EventCountry "NET"]
[SourceTitle "playchess.com"]
[Source "ChessBase"]
[SourceQuality "1"]
[TimeControl "600+2"]

1. e4 e5 2. Nf3 Nf6 3. d4 Nxe4 4. Bd3 d5 5. Nxe5 Nd7 6. O-O Nxe5 7. dxe5 Nc5 8. Nc3 c6 9. f4 g6 10. Ne2 Nxd3 11. Qxd3 Bf5 12. Qd1 Bc5+ 13. Kh1 h5 14. Nd4 Bxd4 15. Qxd4 Bxc2 16. e6 f6 17. b3 Qe7 18. a4 Qxe6 19. Ba3 Kf7 20. Rae1 Be4 21. Bb2 h4 22. Kg1 h3 23. g3 b6 24. b4 Rac8 25. Rc1 Qd6 26. Rfe1 c5 27. bxc5 bxc5 28. Qc3 d4 29. Qa5 Bb7 30. Qb5 Qd5 31. Re2 d3 32. Rd2 Qh1+ 33. Kf2 Qf3+ 34. Kg1 Rhe8 35. Qb3+ Bd5 36. Qxd3 Qh1+ 37. Kf2 Qg2# 0-1

[Event "CCT Airthings Masters Play-In 2023"]
[Site "Online"]
[Date "2023.02.03"]
[Round "4"]
[White "vladislavkovalev"]
[Black "Harsha_Bharathakoti"]
[Result "1-0"]
[ECO "B23"]
[WhiteElo "2615"]
[BlackElo "2512"]
[Annotator "TA"]
[PlyCount "59"]
[EventDate "2023.02.03"]
[EventType "swiss"]
[EventCountry "NET"]
[SourceTitle "playchess.com"]
[Source "ChessBase"]
[SourceQuality "1"]
[TimeControl "600+2"]

1. e4 c5 2. Nc3 e6 3. g3 a6 4. Bg2 b5 5. d3 Bb7 6. f4 d5 7. Qe2 {[%emt 0:01:41] Recently 7.f5 got a lot of attention. B23: Closed Sicilian: Lines without g3.} b4 8. Nd1 Nf6 9. exd5 {[%emt 0:00:10] White has an edge.} (9. c4 $5 ) 9... Bxd5 10. Nf3 Be7 11. Ne3 {[%emt 0:00:02] [#]} Bb7 $146 (11... O-O $11) ({Predecessor:} 11... O-O 12. Nxd5 exd5 13. O-O Re8 14. h3 Nc6 15. Qf2 Nd7 16. Be3 Bf6 17. Ne5 Ndxe5 18. fxe5 Rxe5 {½-½ Houska,J (2298)-Souleidis,G (2401) Bundesliga 0405 2004 (5.7)}) 12. Nc4 (12. f5 $16) 12... O-O 13. O-O Nc6 14. Be3 Nd5 15. Nfe5 Nxe5 16. fxe5 Qc7 17. Bd2 Nb6 18. Bxb7 Qxb7 19. Na5 Qd5 {[%emt 0:00:15][%cal Oc5c4] ...c4! is the strong threat.} 20. b3 Rad8 21. h4 f5 22. exf6 Bxf6 23. Rae1 Bd4+ 24. Kh2 e5 (24... h6 {looks sharper.} 25. Be3 e5 26. Bxd4 exd4 27. Kg1 Rxf1+ 28. Qxf1 Rf8) 25. Qg2 (25. a3 {is interesting.} Nd7 26. axb4 Nf6 27. Bg5) 25... Qxg2+ 26. Kxg2 Rd6 27. Rxf8+ Kxf8 28. Be3 Nd5 (28... Re6 $11 {keeps the balance.}) 29. Nc4 (29. Bxd4 $16 exd4 30. Nb7) 29... Bxe3 {[%emt 0:00:06][%mdl 8192] [#]} 30. Nxd6 {[%emt 0:00:03] Weighted Error Value: White=0.20 (precise) /Black=0.45} 1-0

[Event "CCT Airthings Masters Play-In 2023"]
[Site "Online"]
[Date "2023.02.03"]
[Round "4"]
[White "Oleksandr_Bortnyk"]
[Black "MrTattaglia"]
[Result "1-0"]
[ECO "C48"]
[WhiteElo "2607"]
[BlackElo "2500"]
[Annotator "TA"]
[PlyCount "67"]
[EventDate "2023.02.03"]
[EventType "swiss"]
[EventCountry "NET"]
[SourceTitle "playchess.com"]
[Source "ChessBase"]
[SourceQuality "1"]
[TimeControl "600+2"]

1. e4 e5 2. Nf3 Nc6 3. Bb5 Nf6 4. Nc3 Bc5 5. Bxc6 dxc6 6. d3 Bd6 {[%emt 0:00:16] C48: Four Knights: 4 Bb5, replies other than 4...Bb4.} 7. h3 O-O 8. Be3 a5 {[%emt 0:00:12] [#] The position is equal.} 9. a3 $146 ({Predecessor:} 9. Ne2 a4 10. a3 c5 11. g4 c4 12. Ng3 cxd3 13. Qxd3 Be6 14. O-O Rb8 15. c4 {0-1 Sun,F (2182)-Zhai,M (2374) CHN-chT Div-A 2022 (11.2)}) 9... a4 10. Qd2 Re8 11. g4 b5 12. Ne2 c5 13. Ng3 c4 14. g5 Nd7 15. Nf5 cxd3 16. Qxd3 {[%emt 0:00:22] [#]} ({Better is} 16. Nxd6 $1 $15 cxd6 17. Qxd3) 16... Nc5 $1 $17 17. Bxc5 Bxc5 18. Qxd8 Rxd8 19. Ng3 (19. Nxe5 $2 {is the wrong capture.} Bxf5 20. exf5 Re8 $19) 19... Bb7 (19... b4 $17 {aiming for ...bxa3.} 20. Nxe5 bxa3 21. bxa3 Ba6) 20. Nxe5 $15 Bd4 (20... Re8 $5 21. Nd3 Bxe4 22. Nxe4 Rxe4+ 23. Kd2 Bd6 $15) 21. Nd3 c5 $1 {[%emt 0:00:03] Hoping for ...c4.} 22. Rb1 c4 23. Nb4 c3 (23... Rf8 $5 ) 24. bxc3 Bxc3+ 25. Ke2 Rd2+ (25... f5 {simplifies} 26. gxf6 Bxf6 27. f3 g6) 26. Ke3 $1 Rad8 (26... Rc8 {simplifies} 27. Ne2 Bxb4 28. Rxb4 Rdxc2 29. Rd1 Kf8) 27. Rhc1 (27. Ne2 $5 Bxb4 28. Rxb4 Rxc2 29. Rc1 Rxc1 30. Nxc1 $14) 27... R2d4 {[%emt 0:02:12] White must now prevent ...Bd2+.} 28. Nd3 $1 b4 29. axb4 Rc4 30. f3 {[%emt 0:00:44] Threatens to win with Ne2.} Bd4+ $1 {[%emt 0:00:53] This pair of bishops is nice.} 31. Kd2 $1 a3 (31... Bc3+ $1 $11 32. Ke3 Bd4+ 33. Kd2 Bc3+ 34. Ke3) 32. c3 Ba6 {[%emt 0:01:42] [#] ...Be5 would be deadly.} 33. Ne2 $1 (33. cxd4 $6 Rcxd4 34. Ke3 a2 $11) 33... a2 $2 (33... Bxc3+ $16 {keeps fighting.} 34. Nxc3 Rcd4) 34. Ra1 {[%emt 0:00:03] Weighted Error Value: White=0.09 (flawless) /Black=0.21 (precise)} ({But not} 34. cxd4 $6 axb1=B 35. Rxb1 Bb5 $18) 1-0

[Event "CCT Airthings Masters Play-In 2023"]
[Site "Online"]
[Date "2023.02.03"]
[Round "4"]
[White "ChessLover"]
[Black "LiemLe"]
[Result "1/2-1/2"]
[ECO "D39"]
[WhiteElo "2604"]
[BlackElo "2678"]
[Annotator "TA"]
[PlyCount "74"]
[EventDate "2023.02.03"]
[EventType "swiss"]
[EventCountry "NET"]
[SourceTitle "playchess.com"]
[Source "ChessBase"]
[SourceQuality "1"]
[TimeControl "600+2"]

1. d4 Nf6 2. c4 e6 3. Nf3 d5 4. Nc3 dxc4 5. e4 Bb4 6. Bg5 b5 7. a4 {[%emt 0:00:45] D39: Queen's Gambit Declined: Ragozin Defence with 5 Bg5 dxc4.} c5 8. axb5 cxd4 9. Nxd4 {[%emt 0:00:04] White is slightly better.} h6 10. Bxf6 {[%emt 0:00:22] 10.Be3 is not played anymore.} Qxf6 {[%emt 0:00:00] [#]} 11. Qa4 $146 ({Predecessor:} 11. Bxc4 Bb7 12. O-O O-O 13. Nf3 Rd8 14. Qb3 Bc5 15. Na4 Bf8 16. Qe3 Nd7 17. Rad1 {0-1 Wei,Y (2727)-Aronian,L (2775) FTX Road to Miami KO 2022 (3.14)}) 11... Bc5 12. Nf3 {[%emt 0:00:43] Active counter play!} Nd7 13. Bxc4 O-O 14. O-O Bb7 15. Rfd1 Rfd8 16. Be2 Bb6 {[%emt 0:00:13][%mdl 1024] Black has compensation.} (16... g5 $5 17. Rf1 Bb6 $15) 17. Qc2 g5 {[%emt 0:00:27] [#] ...g4 would be deadly.} 18. Na4 Rac8 19. Qb1 Bc7 20. g3 Ne5 21. Rxd8+ Rxd8 22. Ra3 Qe7 23. Rc3 Nxf3+ 24. Bxf3 Be5 25. Rc4 Qf6 26. Kg2 ({Don't go for} 26. Nc5 $2 Qxf3 27. Nxb7 Rd1+ $19) ({Better is} 26. Bg2 $1 $11) 26... Rd4 (26... Bd4 $1 $15 27. Qe1 g4 28. Bxg4 Bxe4+ 29. Kg1 (29. Qxe4 $2 {is the wrong capture.} Qxf2+ 30. Kh3 Qf1+ 31. Qg2 Qxc4 $19) 29... Bd5) 27. Rxd4 $11 {[%emt 0:01:01] The position is equal.} Bxd4 {[%emt 0:00:00] A strong pair of Bishops.} 28. Qc2 h5 29. Bxh5 Bxe4+ {[%emt 0:00:37][%mdl 64] [#] Deflection} 30. Qxe4 Qxf2+ 31. Kh3 {[%emt 0:00:00] Threatens to win with Qe2.} Qf1+ 32. Qg2 Qf5+ 33. g4 Qd3+ 34. Qg3 Qf1+ 35. Qg2 Qd3+ 36. Qg3 Qf1+ 37. Qg2 Qd3+ {[%emt 0:00:00] Weighted Error Value: White=0.12 (very precise) /Black=0.09 (flawless)} 1/2-1/2

[Event "CCT Airthings Masters Play-In 2023"]
[Site "Online"]
[Date "2023.02.03"]
[Round "4"]
[White "AlexanderL"]
[Black "Dedic8"]
[Result "0-1"]
[ECO "A17"]
[WhiteElo "2601"]
[BlackElo "2476"]
[Annotator "TA"]
[PlyCount "80"]
[EventDate "2023.02.03"]
[EventType "swiss"]
[EventCountry "NET"]
[SourceTitle "playchess.com"]
[Source "ChessBase"]
[SourceQuality "1"]
[TimeControl "600+2"]

1. Nf3 d5 2. e3 Nf6 3. c4 e6 4. Nc3 Nbd7 5. b3 b6 6. Bb2 {[%emt 0:00:01] A17: English Opening: 1...Nf6 with ...Bb4.} Bb7 7. cxd5 exd5 8. Rc1 {[%emt 0:00:24] The position is equal.} a6 9. Ne2 Bd6 10. Ned4 c5 $1 11. Nf5 Bf8 12. d4 g6 13. Ng3 Bg7 14. Be2 O-O 15. dxc5 bxc5 16. O-O {[%emt 0:00:01] [#]} Re8 $146 ({Predecessor:} 16... Qe7 17. Qc2 Rac8 18. Rfd1 Rfd8 19. Qb1 Nf8 20. Qa1 Ne6 21. Ne5 d4 22. Bc4 dxe3 23. fxe3 Nd5 24. Rf1 Bxe5 25. Bxe5 Nxe3 {1-0 Jacobson,B (2491)-Yoo,C (2457) Junior Speed Qual Americas blitz 2021 (2.1)}) 17. Qc2 Qb6 18. Rfd1 a5 19. a4 Rac8 20. Bb5 Re7 21. Ne2 d4 22. exd4 cxd4 (22... Bh6 $11 {keeps the balance.}) 23. Qxc8+ (23. Qb1 $16) 23... Bxc8 $11 24. Rxc8+ Nf8 $1 25. Bxd4 (25. Nexd4 $5 Nd5 26. Rc6 $16) 25... Qe6 {[%emt 0:00:24][%csl LRb3,LRc8] Black is weak on the dark squares} (25... Qb7 $5 26. Rcc1 Ne6 $11) 26. Rdc1 Ne4 27. Bc4 Qf5 28. Be3 {[%emt 0:00:58] A strong pair of Bishops.} h6 (28... Nd6 $1 $11 29. Rc5 Qd7) 29. Ned4 $36 {[%emt 0:00:27][%mdl 2048] White is really pushing.} Qd7 30. Bb5 Qd5 (30... Qd6 $16 {might work better.}) 31. Nc6 $1 $18 Rb7 {[%emt 0:00:01] [#]} 32. Rd8 $1 ({Don't do} 32. Nxa5 $6 Rxb5 33. axb5 Qxb5 $16) 32... Qh5 33. Bd3 ({Don't take} 33. Nxa5 Rxb5 34. axb5 Nc3 $16) 33... Nc3 34. Ncd4 Nd5 (34... Rc7 {keeps fighting.} 35. Bc4 Ne4) 35. Rc5 $1 Rd7 36. Rxd7 Nxd7 37. Rxa5 Ne5 38. Nxe5 (38. Rxd5 $2 Nxf3+ 39. Nxf3 Qxd5 $19) 38... Bxe5 39. Nf3 ({And not} 39. Rxd5 Bxh2+ 40. Kh1 Be5+ 41. Kg1 Bh2+ {[%mdl 64] Discovered Attack} 42. Kh1 Be5+ 43. Kg1 Bh2+ $11 {[%mdl 64] Discovered Attack}) 39... Bc7 $2 {[%emt 0:00:24] [#]} (39... Bxh2+ {was worth a try.} 40. Nxh2 Qd1+ 41. Bf1 Nxe3) 40. Bc4 $4 Bxa5 {[%emt 0:00:02] An entertaining game by Dedic8.   Weighted Error Value: White=0.24 (precise) /Black=0.33} 0-1

[Event "CCT Airthings Masters Play-In 2023"]
[Site "Online"]
[Date "2023.02.03"]
[Round "4"]
[White "TigrVShlyape"]
[Black "Panjwani, Raja"]
[Result "1/2-1/2"]
[ECO "D02"]
[WhiteElo "2590"]
[BlackElo "2485"]
[Annotator "TA"]
[PlyCount "61"]
[EventDate "2023.02.03"]
[EventType "swiss"]
[EventCountry "NET"]
[SourceTitle "playchess.com"]
[Source "ChessBase"]
[SourceQuality "1"]
[TimeControl "600+2"]

1. d4 Nf6 2. Bf4 d5 3. e3 e6 4. Nf3 Bd6 5. Bxd6 Qxd6 6. c4 dxc4 {[%emt 0:00:29] D02: 1 d4 d5 2 Nf3 sidelines, including 2...Nf6 3 g3 and 2...Nf6 3 Bf4.} 7. Nc3 a6 8. Bxc4 b5 {[%emt 0:00:20] White is slightly better.} 9. Be2 Bb7 10. Rc1 Nbd7 11. O-O O-O 12. a3 {[%emt 0:00:02][%cal Ba2a3,Ba3a4][%mdl 32] [#]} Rfd8 $146 ({Predecessor:} 12... b4 13. axb4 Qxb4 14. Qa4 Qb6 15. Qa3 Rab8 16. Na4 Qd6 17. Nc5 Nxc5 18. Rxc5 Qb6 {½-½ Ushenina,A (2416)-Badelka,O (2440) EU-Cup Online Final (Women) rapid 2020 (4.5)}) 13. b4 h6 14. a4 c6 15. Qb3 Rab8 16. a5 e5 17. dxe5 Nxe5 18. Rfd1 {[%emt 0:00:02] Prevents c5} Qc7 19. Nxe5 (19. Nd5 {is interesting.} Rxd5 20. Rxd5 Nxd5 21. Qxd5 Nxf3+ 22. Bxf3 Qxa5 23. Qe5) 19... Qxe5 20. Rxd8+ Rxd8 21. Bf3 Bc8 22. Ne2 Bg4 $1 23. Nd4 Bxf3 24. Nxf3 Qd5 (24... Qd6 $11) 25. Qc2 (25. Nd4 $14) 25... Qd6 $1 $11 {[%emt 0:00:02] The position is equal.} 26. Nd4 Nd5 27. Qxc6 Nxb4 28. Qxd6 Rxd6 29. g3 Nd3 30. Rc8+ Kh7 31. Rc7 {[%emt 0:00:08] Weighted Error Value: White=0.08 (flawless) /Black=0.09 (flawless)} 1/2-1/2

[Event "CCT Airthings Masters Play-In 2023"]
[Site "Online"]
[Date "2023.02.03"]
[Round "4"]
[White "spicycaterpillar"]
[Black "SahajGrover"]
[Result "1/2-1/2"]
[ECO "B30"]
[WhiteElo "2582"]
[BlackElo "2672"]
[Annotator "TA"]
[PlyCount "27"]
[EventDate "2023.02.03"]
[EventType "swiss"]
[EventCountry "NET"]
[SourceTitle "playchess.com"]
[Source "ChessBase"]
[SourceQuality "1"]
[TimeControl "600+2"]

1. e4 c5 2. Nf3 Nc6 3. Bb5 e5 4. O-O Bd6 5. c3 a6 6. Ba4 {[%emt 0:00:04] B30: Sicilian: 2...Nc6 3 Bb5, lines without ...g6.} b5 7. Bc2 Bc7 $5 {[%emt 0:00:09][%mdl 4] [#] Leaves trodden paths.} 8. a4 $146 {[%emt 0:00:54] Hoping for axb5.} ({Predecessor:} 8. d4 d6 9. Be3 cxd4 10. cxd4 Nf6 11. dxe5 dxe5 12. Qxd8+ Bxd8 13. Nc3 O-O 14. Rac1 {1-0 Staechelin,R (1999)-Steiger,W (2274) Verbandsliga Suedbaden 2122 2021 (2.4)}) 8... Rb8 9. d4 d6 10. h3 h6 11. Be3 {[%emt 0:00:12] dxe5 would be deadly.} c4 12. Na3 Nf6 13. dxe5 dxe5 14. Bc5 {[%emt 0:00:14] Prevents Qe7.   Weighted Error Value: White=0.13 (very precise) /Black=0.15 (very precise)} (14. axb5 $5 axb5 15. Nxb5 Rxb5 16. Ba4 $14) 1/2-1/2